 Dungeon Crawl Stone Soup version 0.22.1-1-ga44c0e5 (webtiles) character file.

682 brandon the Conjurer (level 7, -1/36 HPs)
             Began as a Deep Elf Fire Elementalist on Oct 7, 2018.
             Slain by a bullfrog (2 damage)
             ... on level 4 of the Dungeon.
             The game lasted 00:11:23 (4657 turns).

brandon the Conjurer (Deep Elf Fire Elementalist)   Turns: 4657, Time: 00:11:24

Health: -1/36      AC:  4    Str:  5    XL:     7   Next: 34%
Magic:  4/18       EV: 13    Int: 22    God:
Gold:   168        SH:  0    Dex: 15    Spells: 3/18 levels left

rFire    + . .     SeeInvis .   l - +4 hand axe
rCold    + . .     Gourm    .   (no shield)
rNeg     . . .     Faith    .   a - +0 robe
rPois    .         Spirit   .   (no helmet)
rElec    .         Reflect  .   x - scarf {rC+ rF+}
rCorr    .         Harm     .   o - +0 pair of gloves
MR       .....                  (no boots)
Stlth    ++........             (no amulet)
HPRegen  0.12/turn              (no ring)
MPRegen  0.16/turn              (no ring)

@: no status effects
A: molten scales 1, deformed body, evolution 1, MP-powered wands
a: no special abilities


You were on level 4 of the Dungeon.
You were not hungry.

You visited 1 branch of the dungeon, and saw 5 of its levels.

You collected 168 gold pieces.

Inventory:

Hand Weapons
 d - a +0 spear
 l - a +4 hand axe (weapon)
Armour
 a - a +0 robe (worn)
 o - a +0 pair of gloves (worn)
 x - a scarf of resistance (worn)
Jewellery
 h - a +4 ring of strength {unknown}
 i - an uncursed ring of magical power {unknown}
 k - an uncursed amulet of guardian spirit {unknown}
 r - a +5 ring of slaying {unknown}
Scrolls
 b - a scroll of remove curse {unknown}
 j - a scroll of teleportation
 s - a scroll of fog
 u - a scroll of noise {unknown}
 v - 2 scrolls of identify {unknown}
 w - a scroll of random uselessness {unknown}
Potions
 e - a potion of mutation
 f - a potion of degeneration {unknown}
 g - a potion of brilliance {unknown}
 m - a potion of haste
 n - 3 potions of curing
 p - a potion of lignification {unknown}
 q - a potion of might {unknown}
 t - a potion of agility {unknown}
Comestibles
 c - 9 rations


   Skills:
 - Level 2.4 Dodging
 - Level 2.4 Stealth
 + Level 6.0 Spellcasting
 * Level 6.2 Conjurations
 + Level 5.5 Fire Magic


You had 3 spell levels left.
You knew the following spells:

 Your Spells              Type           Power        Failure   Level  Hunger
a - Flame Tongue          Conj/Fire      ####.        1%          1    None
b - Throw Flame           Conj/Fire      ####..       1%          2    None
c - Conjure Flame         Conj/Fire      ####....     2%          3    #......
d - Sticky Flame          Conj/Fire      ####....     9%          4    ###....
e - Fireball              Conj/Fire      ####......   22%         5    #####..

Your spell library contained the following spells:

 Spells                   Type           Power        Failure   Level  Hunger
 Inner Flame              Hex/Fire       ###.....     9%          3    #......


Dungeon Overview and Level Annotations

Branches:
Dungeon (5/15)
 Temple: D:4-7

Altars:

Annotations:
D:4 Dowan, Duvessa


Innate Abilities, Weirdness & Mutations

You are partially covered in molten scales. (AC +2)
Armour fits poorly on your strangely shaped body.
You evolve.
You expend magic power (3 MP) to strengthen your wands.


Message History

* * * LOW HITPOINT WARNING * * *
The bullfrog hits you!
* * * LOW HITPOINT WARNING * * *
There is a stone staircase leading up, spattered with blood here.
The bullfrog hits you.
* * * LOW HITPOINT WARNING * * *
You climb upwards.
Level annotation: Dowan, Duvessa
There is a stone staircase leading down here.
Unknown command.
Casting: Throw Flame (safe; 1% risk of failure)
Confirm with . or Enter, or press ? or * to list all spells.
Aiming: Sticky Flame (safe; 9% risk of failure)
Press: ? - help, Shift-Dir - straight line, f - bullfrog
Aim: a bullfrog The sticky flame hits the bullfrog.
The bullfrog is heavily wounded.
The bullfrog is covered in liquid flames!
The bullfrog burns!
The bullfrog closely misses you. The bullfrog hits you.
You die...

############...##.
#.....##.....#.##. ###
#.###.##.#####.... ..#
#######.# #.##.# ####. #.#
#.......# #...># ##. #.#
#.......###.#### #.. #.#
#.........#....# #..
#'##### #.......#.#.##.###
#.#
......####.....F@#.#......#
#.#
......#...####.#.#.###..#.#
#.# ......#...#
#.#.#...#.##.# ....
......#...# #.#.###......##
#### .....<#...#
#.#...........#.# #
......#...#
#.#..##.....#.#.####
......#...#
#.#.............#...
..........#
#.....#######.###.##
......#...# #######
#.....###.##


You could see a bullfrog (burning).

Vanquished Creatures
  An ogre (D:4)
  2 scorpions
  A water moccasin skeleton (D:4)
  An orc priest (D:4)
  3 orc wizards
  A bullfrog skeleton (D:4)
  A worker ant (D:4)
  7 gnolls (D:2)
  8 adders
  3 oozes
  2 worms (D:2)
  3 dart slugs
  4 leopard geckos
  16 orcs
  2 ball pythons
  5 giant cockroaches
  12 goblins
  9 hobgoblins
  5 jackals
  11 kobolds
  7 bats
  3 frilled lizards
  10 rats
117 creatures vanquished.

Notes
Turn   | Place    | Note
-------+----------+-------------------------------------------
     0 | D:1      | brandon the Deep Elf Fire Elementalist began the quest for
                  | the Orb.
     0 | D:1      | Reached XP level 1. HP: 10/10 MP: 6/6
   164 | D:1      | Reached XP level 2. HP: 10/15 MP: 1/8
   168 | D:1      | Learned a level 2 spell: Throw Flame
   715 | D:1      | Reached XP level 3. HP: 19/19 MP: 8/10
   720 | D:1      | Learned a level 3 spell: Conjure Flame
  1000 | D:2      | Reached XP level 4. HP: 2/24 MP: 0/11
  1257 | D:2      | Learned a level 4 spell: Sticky Flame
  1836 | D:2      | Reached XP level 5. HP: 28/28 MP: 11/13
  2115 | D:3      | Gained mutation: You evolve. [potion of mutation]
  2115 | D:3      | Gained mutation: Armour fits poorly on your strangely
                  | shaped body. [potion of mutation]
  2115 | D:3      | Gained mutation: You expend magic power (3 MP) to
                  | strengthen your wands. [potion of mutation]
  2170 | D:3      | Gained mutation: You are partially covered in molten
                  | scales. (AC +2) [evolution]
  3187 | D:4      | Reached XP level 6. HP: 32/32 MP: 6/15
  3291 | D:4      | Reached skill level 5 in Spellcasting
  3291 | D:4      | Reached skill level 5 in Conjurations
  3300 | D:4      | Learned a level 5 spell: Fireball
  3333 | D:4      | Noticed Duvessa
  3349 | D:4      | Noticed Dowan
  3829 | D:4      | Reached skill level 5 in Fire Magic
  4403 | D:4      | Reached XP level 7. HP: 31/36 MP: 9/17
  4516 | D:5      | Entered Level 5 of the Dungeon
  4655 | D:5      | HP: 1/36 [bullfrog (4)]
  4657 | D:4      | Slain by a bullfrog

Skill      XL: |  1  2  3  4  5  6  7 |
---------------+----------------------+-----
Conjurations   | 2 3 4 5 6 |  6.2
Spellcasting   | 4 5 6 |  6.0
Fire Magic     | 4 5 |  5.5
Dodging        | |  2.4
Stealth        | |  2.4

Action                   |  1- 3 |  4- 6 |  7- 9 || total
-------------------------+-------+-------+-------++-------
Melee: Spear             |     4 |       |       ||     4
       Hand axe          |     3 |    27 |     1 ||    31
 Cast: Flame Tongue      |    31 |   159 |     5 ||   195
       Throw Flame       |    13 |    27 |     8 ||    48
       Sticky Flame      |       |     7 |     2 ||     9
       Conjure Flame     |       |     3 |       ||     3
       Fireball          |       |       |     1 ||     1
  Use: Scroll            |       |     4 |       ||     4
       Potion            |       |     3 |       ||     3
  Eat: Chunk             |       |    11 |     2 ||    13
Armor: Robe              |     4 |    21 |       ||    25
Dodge: Dodged            |    10 |    50 |     8 ||    68
